 Dungeon Crawl Stone Soup version 0.28.0 (webtiles) character file.

Game seed: 13121063715875935188

22 Akaron the Digger (level 2, -1/17 HPs)
             Began as an Octopode Earth Elementalist on Feb 12, 2022.
             Slain by a goblin (2 damage)
             ... led by Robin
             ... on level 3 of the Dungeon.
             The game lasted 00:01:58 (1227 turns).

Akaron the Digger (Octopode Earth Elementalist)     Turns: 1227, Time: 00:01:59

Health: -1/17      AC:  1    Str:  7    XL:     2   Next: 91%
Magic:  1/5        EV: 13    Int: 17    God:
Gold:   34         SH:  0    Dex: 12    Spells: 2/5 levels left

rFire   . . .      SeeInvis .   (no weapon)
rCold   . . .      Faith    .   (no shield)
rNeg    . . .      Spirit   .   (helmet restricted)
rPois   .          Reflect  .   (no amulet)
rElec   .          Harm     .   (no ring)
rCorr   .          Rampage  .   (no ring)
Will    .....                   (no ring)
Stlth   +++.......              (no ring)
HPRegen 0.05/turn               (no ring)
MPRegen 0.09/turn               (no ring)
                                (no ring)
                                (no ring)

@: no status effects
A: almost no armour, amphibious, 8 rings, camouflage 1, gelatinous body 1,
(nimble swimmer 1), tentacles
a: no special abilities


You were on level 3 of the Dungeon.
You visited 1 branch of the dungeon, and saw 3 of its levels.

You collected 34 gold pieces.

Inventory:

Missiles
 b - 94 stones
Scrolls
 a - a scroll of enchant weapon {unknown}
 d - a scroll of identify {unknown}
Potions
 c - a potion of berserk rage {unknown}
 e - a potion of attraction {unknown}
 f - a potion of brilliance {unknown}


   Skills:
 + Level 2.2 Dodging
 - Level 2.6 Stealth
 + Level 2.3 Spellcasting
 * Level 0.4 Conjurations
 + Level 1.0 Transmutations
 + Level 3.5 Earth Magic


You had 2 spell levels left.
You knew the following spells:

 Your Spells              Type           Power      Damage    Failure   Level
a - Sandblast             Erth           26%        2d8       4%          1
b - Passwall              Tmut/Erth      7%         N/A       11%         2

Your spell library contained the following spells:

 Spells                   Type           Power      Damage    Failure   Level
 Stone Arrow              Conj/Erth      16%        3d8       26%         3
 Petrify                  Tmut/Erth      9%         N/A       58%         4


Dungeon Overview and Level Annotations

Branches:
Dungeon (3/15)

Altars:

Annotations:
D:2 Robin
D:3 Terence


Innate Abilities, Weirdness & Mutations

You cannot wear most types of armour.
You are amphibious.
You can wear up to eight rings at the same time.
Your skin changes colour to match your surroundings (Stealth+).
Your rubbery body absorbs attacks. (AC +1, EV +1)
((You are camouflaged when in or above water. (Stealth+)))
You have tentacles for arms and can constrict up to eight enemies at once.


Message History

Aiming: Sandblast (safe; 4% risk of failure)
Press: ? - help, Shift-Dir - straight line, f - goblin
Aim: a goblin, wielding a +0 dagger (74% to hit)
The blast of sand hits the goblin!
You kill the goblin!
You start resting.
Magic restored.
HP restored.
Things that are here:
a +0 dagger; a goblin skeleton
There is a stone staircase leading down here.
You open the door.
There is an open door here.
Found a hunting sling.
Terence the Incautious comes into view.
He is wielding a +0 short sword.
You can't see any susceptible monsters within range! (Use Z to cast anyway.)
The blast of sand hits Terence.
Terence is lightly wounded.
Terence shouts!
The blast of sand hits Terence.
Terence is moderately wounded.
The blast of sand hits Terence but does no damage.
Terence is moderately wounded.
Terence misses you.
The blast of sand hits Terence but does no damage.
Terence is moderately wounded.
Terence hits you with a +0 short sword.
The blast of sand hits Terence.
Terence is heavily wounded.
Terence hits you with a +0 short sword.
You are too injured to fight recklessly!
Terence says, "You're history."
Terence hits you with a +0 short sword.
* * * LOW HITPOINT WARNING * * *
Terence screams, "I want your blood!"
There is a stone staircase leading down here.
Terence closely misses you.
You climb downwards.
The goblin misses you.
The goblin hits you with a +1 dagger of electrocution.
You die...

#.g# #..## #..g
#..# #..# #..#
#. ##g.# #.
#@@.# #.
#.g###### .####
# #........
....#.##
#....####
#...(...
##.##.######...#
#..........)<.#
#.#.#.#########
...#.#.#
#####.#.#


You could see Terence, 2 gnolls and 2 goblins.

Vanquished Creatures
  A worm (D:2)
  A dart slug (D:1)
  4 bats
  4 goblins
  A hobgoblin (D:1)
  A ball python (D:1)
  2 frilled lizards (D:1)
  2 kobolds (D:1)
  2 rats (D:1)
18 creatures vanquished.

Notes
Turn   | Place    | Note
-------+----------+-------------------------------------------
     0 | D:1      | Akaron the Octopode Earth Elementalist began the quest for
                  | the Orb.
     0 | D:1      | Reached XP level 1. HP: 11/11 MP: 3/3
   243 | D:1      | Reached XP level 2. HP: 17/17 MP: 3/5
   285 | D:1      | Learned a level 2 spell: Passwall
   925 | D:2      | Noticed Robin
  1208 | D:2      | Noticed Terence
  1227 | D:3      | Slain by a goblin

Illustrated notes

Levels and vault maps discovered:
D:1:      dpeg_arrival_radiant, layout_loops_ring,
          chequers_serial_rivers_small_3
D:2:      layout_basic, serial_shops, nicolae_shop_bloodbath_and_beyond,
          uniq_robin, uniq_terence
D:3:      layout_loops_ring, minmay_checkerbox

Action                   || total
-------------------------++-------
Melee: Unarmed           ||     1
 Cast: Sandblast         ||    31
Armor: Skin              ||     7
Dodge: Dodged            ||    23
